 Dungeon Crawl Stone Soup version 0.24-a0-516-g9de272bb65 (webtiles) character file.

Game seed: 14047769759007882335

2819 KapersCrawl the Skirmisher (level 9, -3/62 HPs)
             Began as an Octopode Wizard on July 21, 2019.
             Was a Believer of Vehumet.
             Killed themself with a badly aimed iceblast (24 damage)
             ... on level 7 of the Dungeon on July 22, 2019.
             The game lasted 01:03:21 (13669 turns).

KapersCrawl the Skirmisher (Octopode Wizard)       Turns: 13669, Time: 01:03:21

Health: -3/62      AC:  2    Str:  6    XL:     9   Next: 72%
Magic:  0/15       EV: 13    Int: 23    God:    Vehumet [**....]
Gold:   475        SH:  0    Dex: 11    Spells: 5/16 levels left

rFire    . . .     SeeInvis .   H - +0 trident
rCold    . . .     Gourm    .   (no shield)
rNeg     . . .     Faith    .   a - +1 hat
rPois    .         Spirit   .   h - amulet of regeneration
rElec    .         Reflect  .   (no ring)
rCorr    .         Harm     .   (no ring)
MR       .....                  (no ring)
Stlth    ++++......             (no ring)
HPRegen  0.60/turn              (no ring)
MPRegen  0.14/turn              (no ring)
                                (no ring)
                                (no ring)

@: about to teleport
A: almost no armour, stealthy swim, amphibious, 8 rings, constrict 8, camouflage
1, gelatinous body 1
a: Renounce Religion


You were on level 7 of the Dungeon.
You worshipped Vehumet.
Vehumet was pleased with you.
You were near starving.

You visited 2 branches of the dungeon, and saw 9 of its levels.
You also visited: Ossuary.

You collected 475 gold pieces.

Inventory:

Hand Weapons
 f - a +0 vampiric whip
 j - a +3 falchion
 H - a +0 trident (weapon)
 J - a +0 arbalest
Missiles
 b - 3 javelins
 q - 267 stones (quivered)
 r - 10 boomerangs
 s - 34 poisoned darts
Armour
 a - a +1 hat (worn)
Jewellery
 h - an amulet of regeneration (around mantle)
 m - an uncursed ring of flight {unknown}
 w - an uncursed amulet of the gourmand {unknown}
 G - an uncursed ring of flight {unknown}
Wands
 d - a wand of digging (5)
 I - a wand of disintegration (4)
 K - a wand of random effects (21)
Scrolls
 e - 2 scrolls of teleportation
 i - 2 scrolls of fear
 k - 5 scrolls of remove curse
 v - a scroll of blinking {unknown}
 y - 2 scrolls of amnesia
 C - a scroll of magic mapping
 L - a scroll of acquirement {unknown}
Potions
 g - a potion of brilliance
 l - 7 potions of curing
 n - 2 potions of heal wounds {unknown}
 o - a potion of cancellation
 p - 2 potions of might
 t - 3 potions of mutation
 u - 2 potions of berserk rage
 x - 3 potions of magic {unknown}
 z - a potion of invisibility
 A - 3 potions of degeneration {unknown}
 B - a potion of flight {unknown}
 D - a potion of haste {unknown}
 E - 2 potions of agility {unknown}
 F - 2 potions of ambrosia {unknown}
Comestibles
 c - 10 rations


   Skills:
 + Level 6.2 Fighting
 + Level 2.5 Dodging
 - Level 6.1 Stealth
 + Level 4.2 Spellcasting
 + Level 5.7 Conjurations
 - Level 4.0 Summonings
 - Level 1.0 Translocations
 - Level 3.0 Fire Magic
 - Level 4.4 Air Magic
 - Level 3.0 Poison Magic
 + Level 3.1 Evocations


You had 5 spell levels left.
You knew the following spells:

 Your Spells              Type           Power        Failure   Level  Hunger
a - Magic Dart            Conj           ####         1%          1    None
b - Call Imp              Summ           ###.....     3%          2    #......
c - Mephitic Cloud        Conj/Pois/Air  ####....     4%          3    ##.....
d - Conjure Flame         Conj/Fire      ####....     4%          3    ##.....
e - Blink                 Tloc           N/A          11%         2    #......

Your spell library contained the following spells:

 Spells                   Type           Power        Failure   Level  Hunger
 Flame Tongue             Conj/Fire      ####.        1%          1    None
 Beastly Appendage        Tmut           #.....       11%         1    None
 Slow                     Hex            #.......     16%         2    #......
 Sticks to Snakes         Tmut           #.......     16%         2    #......
 Spider Form              Tmut/Pois      ##........   17%         3    ##.....
 Ice Form                 Ice/Tmut       #.......     71%         4    ####...
 Blade Hands              Tmut           #.........   96%         5    ######.


Dungeon Overview and Level Annotations

Branches:
Dungeon (8/15)             Temple (1/1) D:5
   Lair: D:8-11

Altars:
Cheibriados
Dithmenos
Elyvilon
Gozag
Hepliaklqana
Kikubaaqudgha
Nemelex Xobeh
Ru
Trog
Uskayaw
Vehumet
Wu Jian
Yredelemnul
Zin

Shops:
D:5 =   D:7 :

Annotations:
D:1 exclusion: downstairs
D:5 exclusions: Grinder and downstairs
D:7 Menkaure, Prince Ribbit
D:8 Harold


Innate Abilities, Weirdness & Mutations

You cannot wear most types of armour.
You are very stealthy in the water. (Stealth+)
You are amphibious.
You can wear up to eight rings at the same time.
You can use your tentacles to constrict eight enemies at once.
Your skin changes colour to match your surroundings (Stealth+).
Your rubbery body absorbs attacks. (AC +1, EV +1)


Message History

Evoke which item? (* to show all) (? for menu, Esc to quit)
Aiming: Disintegrate
Press: ? - help, Shift-Dir - straight line, f/p - bullfrog
Aim: a bullfrog (chance to defeat MR: 78%)
The bullfrog barely resists.
The bullfrog barely misses you. x2
As you read the scroll of teleportation, it crumbles to dust.
You feel strangely unstable. The bullfrog closely misses you.
The gnoll shaman barely misses you. The bullfrog closely misses you.
Unknown command.
Evoke which item? (* to show all) (? for menu, Esc to quit)
Aiming: Random Effects
Press: ? - help, Shift-Dir - straight line, f - gnoll shaman, p - bullfrog
Aim: a gnoll shaman, wielding a +0 whip and wearing a +0 leather armour (heavily wounded)
The mass of ice explodes!
The iceblast engulfs the bullfrog!
The bullfrog is heavily wounded.
The iceblast engulfs the gnoll shaman!
The gnoll shaman is almost dead.
The iceblast engulfs you!!
You die...

##########
##################........#
<.#.....................#.#
#.#.####...........####.#.#
#.#.............#### #.#.#
#.#......####...#### #.#.#
#.##.###.#.........####.#.#
.....###.#................##
.........#......@..####....#
#.............gF#### #.....#
########.####...# #.#...#
#.# #...# #.#..## #.# ##.###
#.#..# ###.###...## #.#..#
#........g.## #.#..#
#...........# #.#..#
#...........# #.#..#


You could see a bullfrog and a gnoll shaman.

Vanquished Creatures
  Pikel (D:5)
  Grinder (D:5)
  A slave (D:5)
  2 ice beasts
  2 phantoms
  4 ogres
  A bullfrog (D:6)
  A wyvern skeleton (D:7)
  2 water moccasin skeletons
  3 scorpions
  A howler monkey (D:4)
  2 crimson imps
  2 hounds
  2 bullfrog skeletons
  3 orc priests
  2 centaur zombies
  3 orc wizards
  2 iguanas (D:6)
  3 worker ants
  A big kobold zombie (Ossuary)
  A hound zombie (D:3)
  3 gnolls
  A howler monkey skeleton (D:6)
  9 adders
  A shadow imp (D:5)
  2 oozes
  An adder zombie (D:3)
  An adder skeleton (D:7)
  2 worms (D:2)
  2 dart slugs
  6 leopard geckos
  10 orcs
  5 giant cockroaches (D:1)
  8 goblins
  7 hobgoblins
  4 jackals (D:1)
  3 quokkas
  2 ball pythons
  A ball python skeleton (D:3)
  6 bats
  8 frilled lizards
  A gnoll zombie (Ossuary)
  A hobgoblin zombie (Ossuary)
  A jackal skeleton (D:3)
  8 kobolds
  4 kobold zombies (Ossuary)
  2 leopard gecko skeletons
  A leopard gecko zombie (D:3)
  A quokka skeleton (D:4)
  8 rats
149 creatures vanquished.

Vanquished Creatures (collateral kills)
  Duvessa (D:5)
  A phantom (D:4)
  2 slaves (D:5)
  3 ogres
  A centaur (D:6)
  Dowan (D:5)
  A scorpion (D:8)
  3 crimson imps
  An orc priest (D:8)
  A worker ant (D:8)
  8 mummies (Ossuary)
  Robin (D:2)
  2 gnolls (D:4)
  2 adders
  2 worms (D:2)
  11 orcs
  3 hobgoblins (D:2)
  A quokka (D:4)
  A bat (D:2)
  2 frilled lizards (D:2)
  5 goblins (D:2)
  A kobold zombie (Ossuary)
  A quokka zombie (D:5)
55 creatures vanquished.

Vanquished Creatures (others)
  A slave (D:5)
  A howler monkey (D:5)
2 creatures vanquished.

Grand Total: 206 creatures vanquished

Notes
Turn   | Place    | Note
-------+----------+-------------------------------------------
     0 | D:1      | KapersCrawl the Octopode Wizard began the quest for the
                  | Orb.
     0 | D:1      | Reached XP level 1. HP: 11/11 MP: 4/4
     0 | D:1      | Upgraded the game from 0.24-a0-515-gbe7f5e2e8d to
                  | 0.24-a0-516-g9de272bb65
   321 | D:1      | Reached XP level 2. HP: 18/18 MP: 0/6
   380 | D:1      | Learned a level 2 spell: Call Imp
   383 | D:1      | Learned a level 2 spell: Blink
   903 | D:1      | Reached skill level 1 in Fighting
   982 | D:1      | Reached XP level 3. HP: 23/23 MP: 7/7
  1992 | D:2      | Reached XP level 4. HP: 28/28 MP: 1/9
  2171 | D:2      | Learned a level 3 spell: Conjure Flame
  2748 | D:2      | Noticed Robin
  3060 | D:2      | Killed Robin
  3588 | D:3      | Reached XP level 5. HP: 27/34 MP: 2/10
  3827 | D:3      | Learned a level 3 spell: Mephitic Cloud
  3847 | D:3      | Reached skill level 1 in Fire Magic
  4378 | D:3      | Reached skill level 1 in Poison Magic
  4959 | D:4      | Reached XP level 6. HP: 27/40 MP: 0/11
  5297 | D:4      | Noticed a phantom
  5578 | D:5      | Entered Level 5 of the Dungeon
  5583 | D:5      | Noticed Duvessa
  5583 | D:5      | Noticed Dowan
  5596 | D:5      | Noticed a phantom
  5627 | D:5      | Killed a phantom
  5684 | D:5      | Found Boamn's Jewellery Shop.
  5688 | D:5      | Found a glowing silver altar of Zin.
  5755 | D:5      | Reached skill level 5 in Stealth
  5839 | D:5      | Noticed Pikel
  5839 | D:5      | Noticed a slave
  5839 | D:5      | Noticed a slave
  5839 | D:5      | Noticed a slave
  5839 | D:5      | Noticed a slave
  5865 | D:5      | Found a staircase to the Ecumenical Temple.
  5873 | Temple   | Entered the Ecumenical Temple
  5894 | Temple   | Became a worshipper of Vehumet
  5977 | D:5      | Noticed an ice beast
  6051 | D:5      | Found an opulent altar of Gozag.
  6123 | D:5      | Noticed Grinder
  6287 | D:6      | Reached XP level 7. HP: 40/46 MP: 3/13
  6336 | D:5      | Found a sand-covered staircase.
  6342 | Ossuary  | Entered an ossuary
  7627 | D:5      | Killed Duvessa
  7629 | D:5      | Killed Dowan
  7790 | D:5      | Reached * piety under Vehumet
  7790 | D:5      | Offered knowledge of Shock by Vehumet.
  8070 | D:5      | Found a bloodstained altar of Trog.
  8070 | D:5      | Found a snail-covered altar of Cheibriados.
  8073 | D:5      | Found an ancient bone altar of Kikubaaqudgha.
  8075 | D:5      | Found a basalt altar of Yredelemnul.
  8326 | D:5      | Killed Pikel
  8326 | D:5      | Reached XP level 8. HP: 46/54 MP: 3/14
  9308 | D:5      | Killed Grinder
  9308 | D:5      | Reached skill level 5 in Fighting
 10181 | D:6      | Reached XP level 9. HP: 61/61 MP: 0/15
 10508 | D:6      | Reached skill level 1 in Evocations
 10578 | D:6      | Reached skill level 5 in Conjurations
 11236 | D:6      | Reached ** piety under Vehumet
 11241 | D:6      | Offered knowledge of Flame Tongue by Vehumet.
 11935 | D:7      | Found Catuosew's Book Shop.
 12080 | D:7      | Noticed Prince Ribbit
 12119 | D:7      | You fall into a shaft and drop 1 floor!
 12293 | D:8      | Noticed Harold
 12587 | D:7      | Noticed Menkaure
 13669 | D:7      | Killed themself with a badly aimed iceblast

Levels and vault maps discovered:
D:1:      beargit_arrival_greenhouse, layout_basic, minmay_misc_feat_nine_boxes
D:2:      layout_rooms, nrook_uturn, uniq_crazy_yiuf_cottage, uniq_robin
D:3:      layout_loops_corners, serial_undead, serial_undead_d, serial_undead_d,
          serial_undead_f, serial_undead_e, serial_undead_d, serial_undead_b
D:4:      layout_rooms
D:5:      minmay_diamond_boxcup, layout_gridville, lemuel_crystal_altar,
          minitemple, minmay_temple_entry_purple_smoke, first_ration,
          nicolae_ossuary_entry_plus, serial_shops, nicolae_shop_waterfront,
          basic_altar, uniq_grinder, uniq_duvessa, uniq_pikel
D:6:      layout_basic
D:7:      layout_loops_ring, serial_shops, nicolae_shop_statue_plus,
          uniq_menkaure, uniq_prince_ribbit1
D:8:      layout_basic, nicolae_tso_carved_into_rock, uniq_harold
Temple:   regret_index_temple_waves

Skill      XL: |  1  2  3  4  5  6  7  8  9 |
---------------+----------------------------+-----
Stealth        | 3 4 5 6 |  6.1
Fighting       | 1 2 3 4 5 6 |  6.2
Conjurations   | 2 3 4 5 |  5.7
Summonings     | 2 3 4 |  4.0
Fire Magic     | 1 2 3 |  3.0
Poison Magic   | 1 2 3 |  3.0
Spellcasting   | 4 |  4.2
Air Magic      | 2 3 4 |  4.4
Evocations     | 3 |  3.1
Dodging        | |  2.5
Translocations | |  1.0

Action                   |  1- 3 |  4- 6 |  7- 9 || total
-------------------------+-------+-------+-------++-------
Melee: Unarmed           |     4 |       |       ||     4
       Club              |     8 |       |       ||     8
       Constrict         |     4 |    19 |    31 ||    54
       Tentacles         |     2 |    11 |    16 ||    29
       Whip              |     8 |    70 |    93 ||   171
       Trident           |       |       |    21 ||    21
       Falchion          |       |       |     4 ||     4
 Fire: Hunting sling     |     5 |       |       ||     5
Throw: Javelin           |     2 |     2 |       ||     4
       Stone             |     1 |       |       ||     1
 Cast: Magic Dart        |    80 |   123 |   290 ||   493
       Call Imp          |     3 |    51 |   106 ||   160
       Conjure Flame     |       |     5 |    26 ||    31
       Blink             |       |     9 |     5 ||    14
       Mephitic Cloud    |       |       |    12 ||    12
Evoke: Wand              |       |       |     4 ||     4
  Use: Scroll            |       |    12 |     9 ||    21
       Potion            |       |     1 |       ||     1
 Stab: Sleeping          |       |     2 |     1 ||     3
       Distracted        |       |     3 |     2 ||     5
       Paralysed         |       |       |     2 ||     2
  Eat: Chunk             |     3 |    12 |    11 ||    26
       Ration            |       |     1 |     4 ||     5
Armor: Skin              |     5 |     5 |     4 ||    14
Dodge: Dodged            |    26 |    73 |    74 ||   173
       Rpst.: Falchion   |       |       |     3 ||     3

Table legend:
 A = Non-vault XP
 B = Vault XP
 C = Vault XP percentage of total XP
 D = Non-vault monster count
 E = Vault monster count
 F = Vault count percentage of total count
                 A         B        C        D         E       F
            +---------+---------+-------+---------+---------+-------
      Total |    2934 |    1094 |  27.2 |     158 |      43 |  21.4
            +---------+---------+-------+---------+---------+-------
        D:1 |      49 |       0 |   0.0 |      26 |       0 |   0.0
        D:2 |      83 |      22 |  21.0 |      31 |      10 |  24.4
        D:3 |     201 |      64 |  24.2 |      17 |       7 |  29.2
        D:4 |     207 |       0 |   0.0 |      14 |       0 |   0.0
        D:5 |     605 |     867 |  58.9 |      25 |      10 |  28.6
        D:6 |    1102 |       0 |   0.0 |      22 |       0 |   0.0
        D:7 |     412 |       0 |   0.0 |      11 |       0 |   0.0
        D:8 |     275 |       0 |   0.0 |      12 |       0 |   0.0
    Ossuary |       0 |     141 | 100.0 |       0 |      16 | 100.0
            +---------+---------+-------+---------+---------+-------
